 Dungeon Crawl Stone Soup version 0.29.0-13-gc9e81de378 (webtiles) character file.

Game seed: 8244490438131849317

100 blackman the Poker (level 4, -1/35 HPs)
             Began as a Demonspawn Fighter on Sept 7, 2022.
             Slain by an iguana (5 damage)
             ... on level 3 of the Dungeon.
             The game lasted 00:05:08 (3448 turns).

blackman the Poker (Demonspawn Fighter)             Turns: 3448, Time: 00:05:08

Health: -1/35      AC:  6    Str: 18    XL:     4   Next: 46%
Magic:  4/4        EV:  9    Int: 10    God:
Gold:   154        SH:  4    Dex: 12    Spells: 3/3 levels left

rFire   . . .      SeeInvis .   a - +0 trident
rCold   . . .      Faith    .   c - +0 buckler
rNeg    . . .      Spirit   .   b - +0 scale mail
rPois   .          Reflect  .   (no helmet)
rElec   .          Harm     .   (no cloak)
rCorr   .          Rampage  .   (no gloves)
Will    .....                   (no boots)
Stlth   ..........              (no amulet)
HPRegen 0.11/turn               (no ring)
MPRegen 0.09/turn               (no ring)

@: brilliant
A: foul stench 1, demonic touch 1, hooves 1, MP-powered wands
a: no special abilities


You were on level 3 of the Dungeon.
You visited 1 branch of the dungeon, and saw 4 of its levels.

You collected 154 gold pieces.

Inventory:

Hand Weapons
 a - a +0 trident (weapon)
Missiles
 j - 4 poisoned darts (quivered)
 l - 5 atropa-tipped darts
 q - a throwing net
Armour
 b - a +0 scale mail (worn)
 c - a +0 buckler (worn)
Jewellery
 e - an amulet of faith
Wands
 k - a wand of flame (10)
Scrolls
 f - a scroll of magic mapping
 h - a scroll of immolation {unknown}
 i - a scroll of silence {unknown}
 o - a scroll of amnesia {unknown}
 r - a scroll of noise {unknown}
 s - a scroll of summoning {unknown}
Potions
 d - a potion of might
 g - a potion of brilliance
 m - a potion of berserk rage {unknown}
 p - a potion of ambrosia {unknown}
 t - a potion of curing {unknown}


   Skills:
 - Level 3.0 Fighting
 + Level 4.3 Polearms
 - Level 2.6 Armour
 - Level 2.6 Shields


You had 3 spell levels left.
You didn't know any spells.
Your spell library contained the following spells:

 Spells                   Type           Power      Damage    Failure   Level
 Foxfire                  Conj/Fire      0%         2x1d4     85%         1
 Conjure Flame            Conj/Fire      0%         6-21      99%         3
 Inner Flame              Hex/Fire       0%         N/A       99%         3
 Flame Wave               Conj/Fire      0%         2d4       100%        4


Dungeon Overview and Level Annotations

Branches:
Dungeon (4/15)
 Temple: D:4-7

Altars:

Annotations:
D:3 1 runed translucent door, Esekla's ghost, weakling DECA


Innate Abilities, Weirdness & Mutations

You may rarely emit foul miasma when damaged in melee.
Your touch may inflict minor irresistible damage on your foes.
You have large cloven feet.
You expend magic power (3 MP) to strengthen your wands.


Message History

The iguana bites you but does no damage.
You hit the iguana.
The iguana is moderately wounded.
The iguana bites you.
Unknown command.
The iguana attacks as you move away!
The iguana bites you but does no damage.
The iguana attacks as you move away! The iguana closely misses you.
There is a stone staircase leading up here.
You block the iguana's attack.
You climb upwards.
Level annotation: 1 runed translucent door, Esekla's ghost, weakling DECA
There is a stone staircase leading down here.
You puncture the iguana!
The iguana is severely wounded.
The iguana bites you.
You barely miss the iguana.
The iguana is severely wounded.
The iguana bites you!
You hit the iguana but do no damage.
The iguana is severely wounded.
The iguana bites you!
You are too injured to fight recklessly!
You are too injured to fight recklessly!
You hit the iguana but do no damage.
The iguana is severely wounded.
You block the iguana's attack.
You barely miss the iguana.
The iguana is severely wounded.
The iguana bites you!
* * * LOW HITPOINT WARNING * * *
You block the iguana's attack.
It was a potion of brilliance.
You feel clever all of a sudden. The iguana completely misses you.
It was a potion of mutation.
You feel extremely strange.
Your feet thicken and deform.
You feel your magical essence link to the dungeon's wands.
The iguana bites you.
You die...

..# #######.#####....#....#
..##### #........# ####.#.####
......# #.#####..# #.#.# #.###.#
#.# ###..# #...# #.###.### #.#
#....# ##'## #.......# #.# #.##.#
##..>## #####.#.# #.###.##.#
##.....## ......#.# #........#
##.......##
##...##.#######.@..####.........#
................l.....'....>....'
##...##.######.#...####.........#
##.###.# #.##.## ##.......## ###
#.# #.#### ##.....## #.# #.#
##...## ######.# #.# ##'##
#......# #.# #.# #.###### #.# #.#


You could see an iguana.

Vanquished Creatures
  2 adders (D:2)
  3 worms
  2 dart slugs
  3 orcs (D:3)
  5 ball pythons
  5 bats
  4 endoplasms
  4 giant cockroaches
  6 goblins
  8 hobgoblins
  2 jackals (D:1)
  3 kobolds
  4 quokkas
  6 frilled lizards
  A rat (D:1)
58 creatures vanquished.

Notes
Turn   | Place    | Note
-------+----------+-------------------------------------------
     0 | D:1      | blackman the Demonspawn Fighter began the quest for the
                  | Orb.
     0 | D:1      | Reached XP level 1. HP: 18/18 MP: 1/1
   133 | D:1      | Reached skill level 2 in Polearms
   218 | D:1      | Discovered your monstrous ancestry.
   218 | D:1      | Gained mutation: Your touch may inflict minor irresistible
                  | damage on your foes. [demonic ancestry]
   218 | D:1      | Reached XP level 2. HP: 24/24 MP: 2/2
   738 | D:1      | Reached skill level 3 in Polearms
  1113 | D:2      | Gained mutation: You may rarely emit foul miasma when
                  | damaged in melee. [demonic ancestry]
  1113 | D:2      | Reached XP level 3. HP: 29/29 MP: 3/3
  1213 | D:2      | Found a faded altar of an unknown god.
  1610 | D:2      | Reached skill level 4 in Polearms
  1610 | D:2      | Reached XP level 4. HP: 29/35 MP: 4/4
  2301 | D:3      | Found a runed translucent door.
  2307 | D:3      | Noticed Esekla's ghost (weakling DECA)
  2591 | D:3      | Noticed a gnoll sergeant
  3433 | D:4      | Noticed a scorpion
  3448 | D:3      | Gained mutation: You have large cloven feet. [potion of
                  | mutation]
  3448 | D:3      | Gained mutation: You expend magic power (3 MP) to
                  | strengthen your wands. [potion of mutation]
  3448 | D:3      | Slain by an iguana

Illustrated notes

Levels and vault maps discovered:
D:1:      dpeg_arrival_solitude, layout_basic
D:2:      layout_basic, hellmonk_ecumenical_altar_run_dry
D:3:      layout_loops_corners, ebering_ghost_reflecting_pool,
          kennysheep_generic_room_4
D:4:      due_chaos_kobolds, layout_basic, kennysheep_generic_room_11

Skill      XL: |  1  2  3 |
---------------+----------+-----
Polearms       | 2 3 4 |  4.3
Fighting       | |  3.0
Armour         | |  2.6
Shields        | |  2.6

Action                   |  1- 3 |  4- 6 || total
-------------------------+-------+-------++-------
Melee: Trident           |   133 |    72 ||   205
  Use: Potion            |       |     2 ||     2
       Scroll            |       |     1 ||     1
Armor: Scale mail        |    53 |    15 ||    68
Dodge: Dodged            |    42 |    30 ||    72
Block: Buckler           |    20 |    18 ||    38
